 Dungeon Crawl Stone Soup version 0.30-a0-883-g5ad918d77d (webtiles) character file.

Game seed: 14310373453045255159

88 FexLirch the Insei (level 4, -4/34 HPs)
             Began as a Demigod Transmuter on Mar 16, 2023.
             Killed from afar by an orc wizard (10 damage)
             ... with a magic dart
             ... on level 3 of the Dungeon.
             The game lasted 00:08:16 (1789 turns).

FexLirch the Insei (Demigod Transmuter)             Turns: 1789, Time: 00:08:17

Health: -4/34      AC:  2    Str: 17    XL:     4   Next: 8%
Magic:  7/9        EV: 12    Int: 19    God:
Gold:   147        SH:  0    Dex: 14    Spells: 3/6 levels left

rFire   . . .      SeeInvis .    n - +1 whip (elec)
rCold   . . .      Faith    .    (no shield)
rNeg    + . .      Spirit   .    a - +0 robe
rPois   .          Reflect  .    (helmet currently unavailable)
rElec   .          Rampage  .    (no cloak)
rCorr   .                        (no gloves)
Will    .....                    (boots currently unavailable)
Stlth   +                        (no amulet)
HPRegen 0.25/turn                d - ring of positive energy
MPRegen 0.11/turn                t - +6 ring of strength

@: appendages (expiring), wereblooded, hasted, very quick
A: horns 2, talons 2, high MP 1, forlorn, divine attributes
a: End Transformation


You were on level 3 of the Dungeon.
You had temporarily grown beastly horns and talons.
You visited 1 branch of the dungeon, and saw 3 of its levels.

You collected 147 gold pieces.

Inventory:

Hand Weapons
 m - a +1 short sword of venom
 n - a +1 whip of electrocution (weapon)
 o - a +0 sling
Missiles
 f - 3 boomerangs
 i - 18 stones
 w - 4 poisoned darts
Armour
 a - a +0 robe (worn)
Jewellery
 d - a ring of positive energy (left hand)
 t - a +6 ring of strength (right hand)
Wands
 u - a wand of digging (2)
Scrolls
 h - 2 scrolls of teleportation
 j - a scroll of enchant weapon {unknown}
 k - a scroll of noise
 q - 3 scrolls of magic mapping
 r - a scroll of enchant armour {unknown}
 s - 2 scrolls of amnesia
 v - a scroll of blinking
Potions
 b - a potion of lignification
 c - a potion of ambrosia {unknown}
 g - 3 potions of attraction
 p - a potion of might {unknown}
 x - a potion of invisibility {unknown}


   Skills:
 - Level 0.8 Fighting
 - Level 1.7 Dodging
 * Level 4.1 Unarmed Combat
 - Level 1.7 Spellcasting
 + Level 2.7 Transmutations


You had 3 spell levels left.
You knew the following spells:

 Your Spells              Type           Power      Damage    Failure   Level
a - Beastly Appendage     Tmut           24%        N/A       5%          1
b - Wereblood             Tmut           12%        N/A       9%          2

Your spell library contained the following spells:

 Spells                   Type           Power      Damage    Failure   Level
 Spider Form              Tmut/Pois      6%         N/A       30%         3
 Ice Form                 Ice/Tmut       6%         N/A       69%         4


Dungeon Overview and Level Annotations

Branches:
Dungeon (3/15)

Annotations:
D:3 Terence


Innate Abilities, Weirdness & Mutations

You have temporarily grown beastly horns and talons.
You have an increased reservoir of magic. (+10% MP)
You shall have no god before yourself.
Your divine heritage dramatically boosts your attributes as you level up.


Message History

The orc wizard shouts!
You hit the bat. You claw the bat. You headbutt the bat.
You feel a bit better.
You kill the bat!
Terence the Incautious comes into view.
He is wielding a +0 flail and wearing a +1 scale mail of fire resistance.
The orc wizard casts a spell.
The orc wizard flickers and vanishes!
Deactivating autopickup; reactivate with Ctrl-A.
You whack the orc!
You feel a bit better.
You kill the orc!
You howl as the wereblood boils in your veins!
The orc hits you with a +0 hand axe.
You hit the orc.
The orc is almost dead.
Okay, then.
Unknown command.
Okay, then.
You feel yourself speed up. The orc hits you with a +0 hand axe.
You hit the orc.
You feel a bit better.
You kill the orc!
Terence says, "Rest in peace."
The orc warrior barely misses you.
You hit the orc warrior. Your kick misses the orc warrior.
You headbutt the orc warrior, but do no damage.
The orc warrior is lightly wounded.
The orc warrior hits you with a +0 war axe!
You hit the orc warrior. Your kick misses the orc warrior.
The orc warrior is moderately wounded.
You hit the orc warrior but do no damage.
You claw the orc warrior, but do no damage.
The orc warrior is moderately wounded.
The orc warrior hits you with a +0 war axe!
* * * LOW HITPOINT WARNING * * *
Okay, then.
Unknown command.
Okay, then.
Unknown command.
Your transformation is almost over.
A magic dart appears from out of thin air!
The magic dart hits you!
You die...

### # #.###.#
#################.....###
.........................
#################.###.##
#.....†....#
#.######@#.#########
.#.....o........
#.........######.
#.#.#....@.{..... #
#......)#######
#......... . #.####..###
##... #. ...# .)... #.
###.#


You could see an orc warrior and Terence.

Vanquished Creatures
  An orc wizard (D:3)
  An adder (D:2)
  2 dart slugs
  4 orcs (D:3)
  2 ball pythons (D:1)
  7 endoplasms
  2 giant cockroaches (D:1)
  5 goblins
  3 hobgoblins (D:1)
  2 quokkas (D:2)
  6 bats
  A frilled lizard (D:1)
  3 kobolds (D:1)
  3 rats
42 creatures vanquished.

Notes
Turn   | Place    | Note
-------+----------+-------------------------------------------
     0 | D:1      | FexLirch the Demigod Transmuter began the quest for the
                  | Orb.
     0 | D:1      | Reached XP level 1. HP: 15/15 MP: 5/5
   102 | D:1      | Reached skill level 3 in Unarmed Combat
   256 | D:1      | Reached XP level 2. HP: 22/22 MP: 7/7
   918 | D:2      | Reached XP level 3. HP: 27/27 MP: 8/8
  1050 | D:2      | Learned a level 2 spell: Wereblood
  1646 | D:3      | Reached skill level 4 in Unarmed Combat
  1764 | D:3      | Reached XP level 4. HP: 34/34 MP: 9/9
  1775 | D:3      | Noticed an orc warrior
  1778 | D:3      | Noticed Terence
  1789 | D:3      | Killed from afar by an orc wizard

Illustrated notes

Levels and vault maps discovered:
D:1:      sevenhm_arrival_forest_fort_small_6, layout_rooms,
          basic_ecumenical_altar, kennysheep_small_spiral, minmay_pentomino_u2
D:2:      layout_loops_ring
D:3:      layout_basic, mainiacjoe_overflow_24_doors,
          nicolae_wu_jian_glorious_leap, uniq_terence

Skill      XL: |  1  2  3 |
---------------+----------+-----
Unarmed Combat | 3 4 |  4.1
Transmutations | 2 |  2.7
Fighting       | |  0.8
Dodging        | |  1.7
Spellcasting   | |  1.7

Action                     |  1- 3 |  4- 6 || total
---------------------------+-------+-------++-------
  Melee: Unarmed           |    27 |       ||    27
         Kick              |     8 |     2 ||    10
         Headbutt          |     6 |     2 ||     8
         Short sword       |     3 |       ||     3
         Whip              |    15 |     8 ||    23
   Fire: Sling             |    55 |     3 ||    58
   Cast: Beastly Appendage |    10 |     1 ||    11
         Wereblood         |     1 |     1 ||     2
    Use: Scroll            |     7 |       ||     7
         Potion            |       |     1 ||     1
   Stab: Sleeping          |     1 |       ||     1
 Armour: Robe              |     7 |     1 ||     8
  Dodge: Dodged            |    32 |     6 ||    38

Table legend: (Time is in decaauts)
 A = Elapsed time spent in this place.
 B = Non-inter-level travel time spent in this place.
 C = Inter-level travel time spent in this place.
 D = Time resting spent in this place.
 E = Time spent auto-exploring this place.
 F = Levels seen in this place.
 G = Mean time per level.
                   A        B        C        D        E       F      G
               +--------+--------+--------+--------+--------+-----+--------+
         Total |   1800 |   1675 |    125 |    106 |    982 |   3 |  600.0 |
       Dungeon |   1800 |   1675 |    125 |    106 |    982 |   3 |  600.0 |
               +--------+--------+--------+--------+--------+-----+--------+

Top non-repeatable levels by time:
     D:1: 901 daAuts
     D:2: 647 daAuts
     D:3: 252 daAuts
